 Dungeon Crawl Stone Soup version 0.30-a0-778-g2ef04afb54 (webtiles) character file.

Game seed: 7761157591267764829

74 themarg the Chiller (level 4, -2/24 HPs)
             Began as an Octopode Ice Elementalist on Feb 16, 2023.
             Was a Follower of Hepliaklqana.
             Killed from afar by a hobgoblin (23 damage)
             ... with a bolt of light
             ... on level 2 of the Dungeon.
             The game lasted 00:12:46 (2107 turns).

themarg the Chiller (Octopode Ice Elementalist)     Turns: 2107, Time: 00:12:46

Health: -2/24      AC:  1    Str:  7    XL:     4   Next: 28%
Magic:  5/8        EV: 13    Int: 19    God:    Hepliaklqana [*.....]
Gold:   103        SH:  0    Dex: 18    Spells: 4/8 levels left

rFire   . . .      SeeInvis .    n - +1 dagger (venom)
rCold   . . .      Faith    .    (no shield)
rNeg    . . .      Spirit   .    (helmet restricted)
rPois   .          Reflect  .    (no amulet)
rElec   .          Harm     .    f - +6 ring of dexterity
rCorr   .          Rampage  .    (no ring)
Will    .....                    (no ring)
Stlth   ++++                     (no ring)
HPRegen 0.24/turn                (no ring)
MPRegen 0.11/turn                (no ring)
                                 (no ring)
                                 (no ring)

@: freezing walls
A: reduced essence, almost no armour, amphibious, 8 rings, camouflage 1,
gelatinous body 1, (nimble swimmer 1), tentacles
a: Renounce Religion, Recall Ancestor, Ancestor Identity


You were on level 2 of the Dungeon.
You worshipped Hepliaklqana.
Hepliaklqana was aware of your devotion.
You visited 1 branch of the dungeon, and saw 2 of its levels.

You collected 103 gold pieces.

Inventory:

Hand Weapons
 n - a +1 dagger of venom (weapon)
 u - a +2 flail of protection
Missiles
 i - 15 stones
 j - 2 javelins
 m - 6 silver javelins
 r - 5 poisoned darts
Magical Staves
 q - a staff of poison
Jewellery
 f - a +6 ring of dexterity (left tentacle)
Scrolls
 b - a scroll of teleportation {unknown}
 d - a scroll of fog {unknown}
 e - a scroll of blinking {unknown}
 g - a scroll of acquirement {unknown}
 h - 2 scrolls of enchant weapon {unknown}
 l - a scroll of torment {unknown}
 o - a scroll of fear {unknown}
 p - a scroll of identify {unknown}
 s - a scroll of enchant armour {unknown}
Potions
 a - a potion of magic
 c - 4 potions of brilliance {unknown}
 k - a potion of flight {unknown}
 t - a potion of ambrosia {unknown}
 v - a potion of mutation {unknown}


   Skills:
 - Level 2.0 Dodging
 + Level 4.0 Stealth
 + Level 2.7 Spellcasting
 * Level 4.7 Ice Magic


You had 4 spell levels left.
You knew the following spells:

 Your Spells              Type           Power      Damage    Failure   Level
a - Freeze                Ice            80%        1d9       2%          1
b - Frozen Ramparts       Ice            40%        1d7       7%          3

Your spell library contained the following spells:

 Spells                   Type           Power      Damage    Failure   Level
 Ozocubu's Armour         Ice            20%        N/A       7%          3
 Summon Ice Beast         Ice/Summ       11%        N/A       52%         4
 Summon Forest            Summ/Tloc      1%         N/A       99%         5
 Summon Mana Viper        Hex/Summ       2%         N/A       99%         5
 Summon Cactus Giant      Summ           1%         N/A       100%        6


Dungeon Overview and Level Annotations

Branches:
Dungeon (2/15)

Altars:
Hepliaklqana
Vehumet

Annotations:
D:2 exclusion: 2 gnolls


Innate Abilities, Weirdness & Mutations

Your life essence is reduced to manifest your ancestor. (-10% HP)
You cannot wear most types of armour.
You are amphibious.
You can wear up to eight rings at the same time.
Your skin changes colour to match your surroundings (Stealth+).
Your rubbery body absorbs attacks. (AC +1, EV +1)
((You are camouflaged when in or above water. (Stealth+)))
You have tentacles for arms and can constrict up to eight enemies at once.


Message History

The helpless bat fails to defend itself.
You puncture the bat!
You kill the bat!
You see here a +0 short sword.
Found a stone staircase leading up.
You swap places.
You see here a +0 short sword.
You swap places.
A hobgoblin comes into view.
It is wielding a +0 flail and carrying a wand of light (7).
Found a trident and a metallic grey potion.
The hobgoblin throws a stone.
The stone misses you.
There is an open door here.
Found a whip and a club.
The dart slug closely misses you.
You see here 2 fizzy emerald potions.
You swap places.
The adder hisses angrily.
LagunaIguana barely misses the dart slug.
The hobgoblin throws a stone.
The stone closely misses LagunaIguana.
The stone closely misses you. The dart slug launches a dart at you.
The slug dart hits you.
There is an open door here.
The spell is quite dangerous to miscast (7% risk of failure)!
Continue anyway?
Casting: Frozen Ramparts (quite dangerous; 7% risk of failure)
Press: ? - help, Dir - look around, f - activate An open door.
The walls around you are covered in ice.
LagunaIguana hits the dart slug.
The wall freezes the rat.
You kill the rat!
You hit the dart slug.
The dart slug is poisoned.
You grab the dart slug.
The dart slug is moderately wounded.
You constrict the dart slug.
The wall freezes the adder.
The adder seems to slow down.
The wall freezes the dart slug.
The dart slug barely misses you.
The wall freezes the adder.
The adder seems to slow down.
LagunaIguana hits the dart slug.
The hobgoblin zaps a wand.
The bolt of light hits LagunaIguana!
LagunaIguana is blinded.
The bolt of light hits you!!
Ouch! That really hurt!
You die...

#.#
#.....##.#.#............._.
#.#
#>######.#.############....
#.# #.##.....#.# #....
#.#####.##.....#.# ##...
#.##.....+.....#.## #######
#+## #.##.##.##........#
.......
#.##.##....#####..##.......
#.##.##...##!).##..........
#.##.##...#?)g?R@.####.....
#.##.##.#.#.).rw### ...
#.##.##.#.#$[!$S# .
#.##.##...##.)?'#
#.##.##....#####. # #.#
#........#' ## # #.#
#.###...##) .. # #.##.##.
#...# .) .# # #.##.##.
#...## ##.# #######


You could see the friendly LagunaIguana the ancestor (blind), an adder (slow), a
dart slug (very poisoned), a hobgoblin (ally target) and a rat.

Vanquished Creatures
  2 adders (D:2)
  3 dart slugs
  3 ball pythons (D:1)
  7 bats
  A giant cockroach (D:2)
  4 hobgoblins
  2 jackals (D:2)
  A kobold (D:2)
  2 quokkas (D:1)
  6 frilled lizards (D:1)
  8 goblins (D:1)
  7 rats
46 creatures vanquished.

Vanquished Creatures (collateral kills)
  A bat (D:2)
  A giant cockroach (D:2)
2 creatures vanquished.

Grand Total: 48 creatures vanquished

Notes
Turn   | Place    | Note
-------+----------+-------------------------------------------
     0 | D:1      | themarg the Octopode Ice Elementalist began the quest for
                  | the Orb.
     0 | D:1      | Reached XP level 1. HP: 11/11 MP: 3/3
   166 | D:1      | Reached XP level 2. HP: 17/17 MP: 0/5
   523 | D:1      | Found a hazy altar of Hepliaklqana.
   532 | D:1      | Reached XP level 3. HP: 21/21 MP: 6/6
   573 | D:1      | Became a worshipper of Hepliaklqana the Forgotten
   593 | D:1      | Learned a level 3 spell: Frozen Ramparts
  1226 | D:2      | Found a radiant altar of Vehumet.
  1609 | D:2      | Reached * piety under Hepliaklqana
  1630 | D:2      | Reached XP level 4. HP: 24/24 MP: 0/8
  2107 | D:2      | Killed from afar by a hobgoblin

Illustrated notes

Levels and vault maps discovered:
D:1:      lemuel_arrival_rhombus, layout_loops_ring, st_stairs_4,
          amcnicky_mini_pool_small, minmay_hexomino_r4
D:2:      kennysheep_big_flooded_room, layout_basic, serial_shops,
          nicolae_shop_window_shopping, basic_altar, minmay_joined_circles

Skill      XL: |  1  2  3 |
---------------+----------+-----
Stealth        | 3 4 |  4.0
Dodging        | |  2.0
Spellcasting   | |  2.7
Ice Magic      | |  4.7

Action                     |  1- 3 |  4- 6 || total
---------------------------+-------+-------++-------
  Melee: Dagger            |    14 |     8 ||    22
         Constrict         |     1 |     3 ||     4
         Tentacles         |     1 |     2 ||     3
   Cast: Freeze            |    32 |       ||    32
         Frozen Ramparts   |     4 |     2 ||     6
 Invoke: Ancestor Identity |     1 |       ||     1
         Recall Ancestor   |       |     1 ||     1
   Stab: Sleeping          |     4 |     3 ||     7
 Armour: Skin              |     2 |     1 ||     3
  Dodge: Dodged            |    12 |     7 ||    19

Table legend: (Time is in decaauts)
 A = Elapsed time spent in this place.
 B = Non-inter-level travel time spent in this place.
 C = Inter-level travel time spent in this place.
 D = Time resting spent in this place.
 E = Time spent auto-exploring this place.
 F = Levels seen in this place.
 G = Mean time per level.
                   A        B        C        D        E       F      G
               +--------+--------+--------+--------+--------+-----+--------+
         Total |   2105 |   2046 |     59 |    429 |   1176 |   2 | 1052.5 |
       Dungeon |   2105 |   2046 |     59 |    429 |   1176 |   2 | 1052.5 |
               +--------+--------+--------+--------+--------+-----+--------+

Top non-repeatable levels by time:
     D:1: 1223 daAuts
     D:2: 881 daAuts
